 Dungeon Crawl Stone Soup version 0.24.1-4-ge52af88ad5 (webtiles) character file.

Game seed: 15925811010197406085, levelgen mode: deterministic

37 Jakon the Shooter (level 3, -2/29 HPs)
             Began as a Centaur Hunter on Apr 16, 2020.
             Slain by a leopard gecko (3 damage)
             ... on level 1 of the Dungeon.
             The game lasted 00:04:39 (1276 turns).

Jakon the Shooter (Centaur Hunter)                  Turns: 1276, Time: 00:04:40

Health: -2/29      AC:  4    Str: 14    XL:     3   Next: 23%
Magic:  3/3        EV:  9    Int: 15    God:
Gold:   64         SH:  0    Dex: 10    Spells: 2/2 levels left

rFire    . . .     SeeInvis .   a - +1 shortbow
rCold    . . .     Gourm    .   (shield currently unavailable)
rNeg     . . .     Faith    .   c - +0 leather armour
rPois    .         Spirit   .   (no helmet)
rElec    .         Reflect  .   (no cloak)
rCorr    .         Harm     .   (no gloves)
MR       .....                  (no barding)
Stlth    +.........             (no amulet)
HPRegen  0.09/turn              (no ring)
MPRegen  0.08/turn              (no ring)

@: brilliant, very quick
A: large, hooves 3, deformed body, speed 2, tough skin 3
a: no special abilities


You were on level 1 of the Dungeon.
You were not hungry.

You visited 1 branch of the dungeon, and saw 2 of its levels.

You collected 64 gold pieces.

Inventory:

Hand Weapons
 a - a +1 shortbow (weapon)
 b - a +0 short sword
Missiles
 d - 25 arrows (quivered)
 i - 58 poisoned darts
Armour
 c - a +0 leather armour (worn)
Scrolls
 e - 2 scrolls of identify {unknown}
 h - a scroll of fog {unknown}
Comestibles
 f - a ration


   Skills:
 + Level 2.2 Fighting
 + Level 6.4 Bows
 + Level 0.2 Armour
 + Level 1.5 Dodging
 + Level 0.4 Stealth


You had 2 spell levels left.
You didn't know any spells.
Your spell library was empty.

Dungeon Overview and Level Annotations

Branches:
Dungeon (2/15)

Altars:


Innate Abilities, Weirdness & Mutations

You have hooves in place of feet.
Armour fits poorly on your strangely shaped body.
You cover ground very quickly.
You have extremely tough skin. (AC +3)


Message History

The shadow imp hits you.
A rat comes into view.
The shadow imp gestures at you. Pain shoots through your body!
* * * LOW HITPOINT WARNING * * *
Found 22 stones.
The rat twitches its whiskers.
The leopard gecko bites you.
* * * LOW HITPOINT WARNING * * *
The hobgoblin hits you.
* * * LOW HITPOINT WARNING * * *
There is a stone staircase leading up here.
The leopard gecko closely misses you. The hobgoblin hits you.
* * * LOW HITPOINT WARNING * * *
You climb upwards.
There is a stone staircase leading down here.
It was a potion of brilliance.
You feel clever all of a sudden. The leopard gecko bites you.
You die...

......#+#......#.#
############
#######.######.#.# #.......#
#...........# #.......#
##############.#.# #.......#
...รท..........(#.# #.......#
)###########.....# #.......#
.##........#.##..# #.......#
.##.######.#.##..#####.......#
.##.#....#.#.##l@g...........#
.......#.#.#.###.######'######
.......#.#.#.# #.# #.#
#####..#...#.# #.######.#
#####..#####.###......#.#
...............######.#.#
.###########.#.# #.#.# .#
#.........#.# #.#.# .#
#.#########.# #.#.#########


You could see a leopard gecko and a hobgoblin.

Vanquished Creatures
  An adder (D:1)
  An ooze (D:1)
  2 dart slugs
  A leopard gecko (D:1)
  3 bats (D:1)
  A goblin (D:1)
  3 hobgoblins (D:1)
  4 frilled lizards (D:1)
  3 kobolds (D:1)
  2 rats
21 creatures vanquished.

Notes
Turn   | Place    | Note
-------+----------+-------------------------------------------
     0 | D:1      | Jakon the Centaur Hunter began the quest for the Orb.
     0 | D:1      | Reached XP level 1. HP: 17/17 MP: 1/1
   256 | D:1      | Reached XP level 2. HP: 24/24 MP: 2/2
   282 | D:1      | Reached skill level 6 in Bows
  1127 | D:1      | Reached XP level 3. HP: 21/29 MP: 3/3
  1274 | D:2      | HP: 1/29 [hobgoblin (1)]
  1276 | D:1      | Slain by a leopard gecko

Levels and vault maps discovered:
D:1:      lemuel_arrival_hallway, layout_basic, minmay_stone_trees_small
D:2:      layout_basic, lemuel_coloured_pillars_altar,
          chequers_ecumenical_altar_island, first_ration, minmay_tromino_i4

Skill      XL: |  1  2 |
---------------+-------+-----
Bows           | 6 |  6.4
Fighting       | |  2.2
Armour         | |  0.2
Dodging        | |  1.5
Stealth        | |  0.4

Action                   || total
-------------------------++-------
Melee: Short sword       ||     5
       Kick              ||     1
 Fire: Shortbow          ||    64
  Use: Potion            ||     1
Armor: Leather armour    ||     6
Dodge: Dodged            ||    11
